 Dungeon Crawl Stone Soup version 0.28-a0-1182-g381e24db82 (webtiles) character file.

Game seed: 12707559805020147571

1404 bearlyready the Destroyer (level 8, -1/57 HPs)
             Began as a White Draconian Conjurer on Dec 17, 2021.
             Was an Initiate of Gozag.
             Killed from afar by a steam dragon (16 damage)
             ... with a ball of steam
             ... on level 7 of the Dungeon.
             The game lasted 00:10:36 (5560 turns).

bearlyready the Destroyer (DrCj)                    Turns: 5560, Time: 00:10:36

Health: -1/57      AC:  6    Str: 10    XL:     8   Next: 42%
Magic:  2/11       EV: 12    Int: 20    God:    Gozag
Gold:   242        SH:  5    Dex: 10    Spells: 4/11 levels left

rFire   . . .      SeeInvis .   a - +1 dagger (venom)
rCold   + . .      Faith    .   (no shield)
rNeg    . . .      Spirit   .   (armour unavailable)
rPois   .          Reflect  +   (helmet restricted)
rElec   .          Harm     .   (no cloak)
rCorr   .          Rampage  .   (no gloves)
Will    .....                   (no boots)
Stlth   ++........              m - amulet of reflection
HPRegen 0.19/turn               (no ring)
MPRegen 0.12/turn               (no ring)

@: short of breath, gold aura
A: breathe frost, AC +6, unfitting armour, cold resistance 1, cold-blooded
a: Breathe Frost, Renounce Religion, Potion Petition, Call Merchant, Bribe
Branch


You were on level 7 of the Dungeon.
You worshipped Gozag.
Gozag was aware of your devotion.
You visited 2 branches of the dungeon, and saw 7 of its levels.

You collected 302 gold pieces.
You paid 60 gold pieces to Gozag.

Inventory:

Hand Weapons
 a - a +1 dagger of venom (weapon)
 l - a +2 short sword of freezing
 p - a +1 short sword of freezing
Missiles
 g - 24 poisoned darts (quivered)
Jewellery
 m - an amulet of reflection (around neck)
Wands
 r - a wand of polymorph (12)
 y - a wand of iceblast (9)
Scrolls
 b - a scroll of acquirement {unknown}
 c - 2 scrolls of fog {unknown}
 d - 2 scrolls of magic mapping {unknown}
 e - 4 scrolls of identify {unknown}
 f - 4 scrolls of teleportation {unknown}
 j - a scroll of silence {unknown}
 k - a scroll of summoning {unknown}
 q - a scroll of blinking {unknown}
 s - a scroll of noise {unknown}
 w - a scroll of immolation {unknown}
 z - a scroll of amnesia {unknown}
Potions
 h - 2 potions of curing
 i - a potion of mutation {unknown}
 n - 3 potions of flight {unknown}
 o - 2 potions of cancellation {unknown}
 t - a potion of ambrosia {unknown}
 u - a potion of attraction {unknown}
 v - a potion of degeneration {unknown}
 x - a potion of heal wounds


   Skills:
 - Level 2.1 Dodging
 - Level 2.1 Stealth
 - Level 2.2 Spellcasting
 + Level 8.7 Conjurations
 + Level 5.9 Hexes


You had 4 spell levels left.
You knew the following spells:

 Your Spells              Type           Power      Damage    Failure   Level
a - Magic Dart            Conj           100%       1d8       1%          1
b - Searing Ray           Conj           74%        2d7       1%          2
c - Fulminant Prism       Conj/Hex       15%        3d11      8%          4

Your spell library contained the following spells:

 Spells                   Type           Power      Damage    Failure   Level
 Dazzling Flash           Conj/Hex       62%        N/A       2%          3
 Scorch                   Fire           4%         2d5       24%         2
 Flame Wave               Conj/Fire      19%        2d5       26%         4
 Iskenderun's Mystic Bla  Conj/Tloc      19%        2d6       26%         4
 Summon Cactus Giant      Summ           1%         N/A       100%        6


Dungeon Overview and Level Annotations

Branches:
Dungeon (5/15)             Temple (1/1) D:4

Altars:
Ashenzari
Cheibriados
Dithmenos
Elyvilon
Fedhas
Gozag
Kikubaaqudgha
Nemelex Xobeh
Okawaru
Qazlal
Ru
Sif Muna
Trog
Uskayaw
Wu Jian
Xom
The Shining One

Shops:
D:3 (   D:5 *


Innate Abilities, Weirdness & Mutations

You can breathe waves of freezing cold which knock back foes.
Your icy white scales are hard. (AC +6)
You cannot fit into any form of body armour.
Your flesh is cold resistant. (rC+)
You are cold-blooded and may be slowed by cold attacks.


Message History

You exhale a wave of freezing cold.
The freezing breath misses the steam dragon.
You are engulfed in a cloud of scalding steam.
A centaur skeleton comes into view.
You block the steam dragon's attack. The steam dragon claws you.
* * * LOW HITPOINT WARNING * * *
Casting: Searing Ray (safe; 1% risk of failure)
Confirm with . or Enter, or press ? or * to list all spells.
Aiming: Searing Ray (safe; 1% risk of failure)
Press: ? - help, Shift-Dir - straight line, f/p - steam dragon
Aim: a steam dragon (heavily wounded, catching its breath, 81% to hit)
The searing ray hits the steam dragon.
The steam dragon is severely wounded. (Press . to maintain the ray.)
The steam dragon barely misses you. The steam dragon closely misses you.
The searing ray hits the steam dragon but does no damage.
The steam dragon is severely wounded.
The steam dragon closely misses you. x2
The centaur skeleton closely misses you.
The centaur skeleton kicks you.
* * * LOW HITPOINT WARNING * * *
The searing ray hits the steam dragon.
The steam dragon is almost dead.
The centaur skeleton hits you but does no damage.
You block the centaur skeleton's attack.
The steam dragon barely misses you. x2
The centaur skeleton closely misses you.
You block the centaur skeleton's attack.
The searing ray hits the steam dragon.
The steam dragon is almost dead.
You finish channelling your searing ray.
The steam dragon closely misses you.
The steam dragon claws you but does no damage.
The centaur skeleton hits you.
* * * LOW HITPOINT WARNING * * *
The centaur skeleton kicks you but does no damage.
The steam dragon breathes steam at you. The ball of steam hits you!
You die...
Your body crumbles into a pile of gold.

#### #.# #.# #.# #.#
##.# #.#
######.###..####.##
....?..............#
.##.#######.######.#
#.# #.# #.# #.# #.#
#.#### #@# #..).#
#######ยง#########.#
.......DZ.........#
########.########.#
#####$# #.# .....#
#####.# ..##..##
#.Z...# $
.......####s###.#
....[.F..##.# #.#


You could see a steam dragon (catching breath) and a centaur skeleton.

Vanquished Creatures
  A wyvern (D:4)
  Edmund (D:4)
  Duvessa (D:4)
  An ice beast (D:7)
  A black bear (D:5)
  An ogre (D:4)
  2 phantoms
  A scorpion (D:7)
  A bullfrog (D:7)
  A wyvern skeleton (D:7)
  Dowan (D:4)
  A centaur zombie (D:7)
  2 jellies (D:4)
  2 hounds
  An orc priest (D:3)
  3 iguanas
  A hound skeleton (D:4)
  3 gnolls (D:4)
  2 adders
  A howler monkey skeleton (D:7)
  A shadow imp (D:3)
  2 dart slugs (D:2)
  4 orcs
  5 endoplasms
  6 giant cockroaches
  3 goblins
  8 hobgoblins
  4 jackals (D:2)
  3 quokkas
  2 ball pythons
  6 bats
  3 frilled lizards
  8 kobolds
  10 rats
93 creatures vanquished.

Vanquished Creatures (others)
  4 fulminant prisms
4 creatures vanquished.

Grand Total: 97 creatures vanquished

Notes
Turn   | Place    | Note
-------+----------+-------------------------------------------
     0 | D:1      | bearlyready the Draconian Conjurer began the quest for the
                  | Orb.
     0 | D:1      | Reached XP level 1. HP: 14/14 MP: 3/3
   300 | D:1      | Reached XP level 2. HP: 20/20 MP: 5/5
  1341 | D:2      | Reached XP level 3. HP: 21/26 MP: 6/6
  1434 | D:2      | Learned a level 2 spell: Searing Ray
  1827 | D:2      | Found a faded altar of an unknown god.
  2243 | D:3      | Found Nyocias's Antique Weapon Emporium.
  2398 | D:3      | Reached skill level 5 in Conjurations
  2548 | D:3      | Reached XP level 4. HP: 33/33 MP: 2/7
  2812 | D:3      | Learned a level 4 spell: Fulminant Prism
  2894 | D:3      | Reached skill level 1 in Hexes
  2894 | D:3      | Reached XP level 5. HP: 34/38 MP: 8/8
  3097 | D:4      | Noticed Dowan
  3098 | D:4      | Noticed Duvessa
  3211 | D:4      | Noticed a wyvern
  3216 | D:4      | Killed a wyvern
  3217 | D:4      | Reached skill level 6 in Conjurations
  3217 | D:4      | Reached XP level 6. HP: 28/45 MP: 1/9
  3828 | D:4      | Killed Duvessa
  3829 | D:4      | Reached skill level 7 in Conjurations
  3829 | D:4      | Your scales start taking on an icy white colour.
  3829 | D:4      | Reached XP level 7. HP: 21/49 MP: 0/10
  3829 | D:4      | Gained mutation: Your flesh is cold resistant. (rC+) [White
                  | Draconian growth]
  3841 | D:4      | HP: 1/49 [Dowan/shard of ice (17)]
  3842 | D:4      | Killed Dowan
  4108 | D:4      | Noticed Edmund
  4129 | D:4      | Killed Edmund
  4563 | D:4      | Found a staircase to the Ecumenical Temple.
  4816 | Temple   | Entered the Ecumenical Temple
  4917 | Temple   | Became a worshipper of Gozag Ym Sagoz the Greedy
  5089 | D:4      | Found a shimmering blue altar of Sif Muna.
  5090 | D:4      | Found a broken altar of Ashenzari.
  5213 | D:5      | Entered Level 5 of the Dungeon
  5214 | D:5      | Found Pikhlil's Elemental Accessories.
  5246 | D:5      | Reached skill level 8 in Conjurations
  5246 | D:5      | Reached skill level 5 in Hexes
  5246 | D:5      | Reached XP level 8. HP: 47/57 MP: 1/11
  5373 | D:5      | You fall into a shaft and drop 2 floors!
  5560 | D:7      | Killed from afar by a steam dragon

Illustrated notes

Levels and vault maps discovered:
D:1:      dpeg_arrival_pits, layout_basic
D:2:      layout_loops_ring, nicolae_ecumenical_pavilion
D:3:      layout_rooms, serial_shops, nicolae_shop_statue_plus
D:4:      layout_loops_ring, gammafunk_temple_overflow_pools,
          minmay_temple_entry_fiery, minmay_increasing_density, uniq_duvessa,
          uniq_edmund
D:5:      layout_rooms, mainiacjoe_overflow_surrounded_room,
          mainiacjoe_overflow_concentric_impassable, columned_hall_lemuel,
          nicolae_elemental_shop, nicolae_wooded_promenade
D:7:      layout_loops_ring, nicolae_ossuary_entry_monument,
          hangedman_decor_push, st_stairs_5
Temple:   regret_index_temple_waves

Skill      XL: |  1  2  3  4  5  6  7 |
---------------+----------------------+-----
Dodging        | 2 |  2.1
Stealth        | 2 |  2.1
Conjurations   | 5 6 7 8 |  8.7
Hexes          | 1 2 3 5 |  5.9
Spellcasting   | |  2.2

Action                   |  1- 3 |  4- 6 |  7- 9 || total
-------------------------+-------+-------+-------++-------
Melee: Dagger            |   139 |    52 |    52 ||   243
       Tailslap          |    13 |     6 |     6 ||    25
       Unarmed           |       |       |     3 ||     3
Throw: Dart              |       |       |     2 ||     2
 Cast: Magic Dart        |    11 |       |     1 ||    12
       Searing Ray       |     2 |    10 |    10 ||    22
       Fulminant Prism   |       |       |     4 ||     4
 Abil: Breathe Frost     |       |       |     4 ||     4
  Use: Potion            |       |     1 |     1 ||     2
 Stab: Sleeping          |     4 |     4 |     2 ||    10
Armor: Skin              |    44 |    18 |    20 ||    82
Dodge: Dodged            |   104 |    42 |    64 ||   210
Block: Other             |       |       |     6 ||     6

Table legend: (Time is in decaauts)
 A = Elapsed time spent in this place.
 B = Non-inter-level travel time spent in this place.
 C = Inter-level travel time spent in this place.
 D = Time resting spent in this place.
 E = Time spent auto-exploring this place.
 F = Levels seen in this place.
 G = Mean time per level.
                   A        B        C        D        E       F      G
               +--------+--------+--------+--------+--------+-----+--------+
         Total |   5560 |   5336 |    224 |    191 |   4226 |   7 |  794.3 |
       Dungeon |   5426 |   5262 |    164 |    191 |   4167 |   6 |  904.3 |
        Temple |    133 |     73 |     60 |      0 |     59 |   1 |  133.0 |
               +--------+--------+--------+--------+--------+-----+--------+

Top non-repeatable levels by time:
     D:4: 1787 daAuts
     D:1: 1292 daAuts
     D:3: 1066 daAuts
     D:2: 933 daAuts
     D:7: 186 daAuts
     D:5: 159 daAuts
  Temple: 133 daAuts
